 Dungeon Crawl Stone Soup version 0.31.0-32-g396128a36d (webtiles) character file.

Game seed: 68230811827734659

75 PriceMaster the Apothecary (level 4, -1/27 HPs)
             Began as an Octopode Alchemist on Apr 22, 2024.
             Killed from afar by Sigmund (10 damage)
             ... with a puff of flame
             ... on level 2 of the Dungeon.
             The game lasted 00:02:20 (2078 turns).

PriceMaster the Apothecary (Octopode Alchemist)     Turns: 2078, Time: 00:02:21

Health: -1/27      AC:  1    Str:  7    XL:     4   Next: 31%
Magic:  2/8        EV: 13    Int: 19    God:
Gold:   50         SH:  0    Dex: 12    Spells: 3/8 levels left

rFire   . . .        g - +0 spear
rCold   . . .        (no shield)
rNeg    . . .        (helmet restricted)
rPois   .            (no amulet)
rElec   .            (no ring)
rCorr   .            (no ring)
SInv    .            (no ring)
Will    .....        (no ring)
Stlth   +++          (no ring)
HPRegen 0.24/turn    (no ring)
MPRegen 0.11/turn    (no ring)
                     (no ring)

%: no passive effects
@: no status effects
A: almost no armour, amphibious, 8 rings, camouflage 1, gelatinous body 1,
(nimble swimmer 1), tentacles
a: no special abilities


You were on level 2 of the Dungeon.
You visited 1 branch of the dungeon, and saw 2 of its levels.

You collected 50 gold pieces.

Inventory:

Hand Weapons
 g - a +0 spear (weapon)
Jewellery
 e - a ring of protection from cold
Scrolls
 a - a scroll of teleportation {unknown}
 b - 2 scrolls of identify {unknown}
 d - 3 scrolls of revelation {unknown}
 f - 2 scrolls of blinking {unknown}


   Skills:
 + Level 2.1 Dodging
 + Level 3.1 Stealth
 + Level 0.1 Unarmed Combat
 + Level 2.9 Spellcasting
 + Level 2.2 Conjurations
 + Level 3.9 Alchemy


You had 3 spell levels left.
You knew the following spells:

 Your Spells              Type           Power      Damage    Failure   Level
a - Sting                 Conj/Alch      56%        1d6       4%          1
b - Olgreb's Toxic Radia  Alch           17%        N/A       30%         4

Your spell library contained the following spells:

 Spells                   Type           Power      Damage    Failure   Level
 Mercury Vapours          Alch/Air       20%        N/A       11%         2
 Mephitic Cloud           Conj/Alch/Air  10%        N/A       21%         3
 Sticky Flame             Fire/Alch      10%        2d5       56%         4


Dungeon Overview and Level Annotations

Branches:
Dungeon (2/15)

Altars:

Annotations:
D:2 Sigmund


Innate Abilities, Weirdness & Mutations

You cannot wear most types of armour.
You are amphibious.
You can wear up to eight rings at the same time.
Your skin changes colour to match your surroundings (Stealth+).
Your rubbery body absorbs attacks. (AC +1, EV +1)
((You are camouflaged when in or above water. (Stealth+)))
You have tentacles for arms and can constrict up to eight enemies at once.


Message History

As you open the door, it creaks loudly!
Sigmund the Dreaded comes into view.
He is wielding a +0 scythe.
Sigmund shouts!
Sigmund is nearby!
Sigmund is nearby!
Casting: Sting (safe; 4% risk of failure)
Confirm with . or Enter, or press ? or * to list all spells.
You don't know that spell.
Casting: Sting (safe; 4% risk of failure)
Confirm with . or Enter, or press ? or * to list all spells.
You begin to radiate toxic energy.
Sigmund is poisoned.
Sigmund looks even sicker.
Sigmund casts a spell at you. The magic dart hits you!
Sigmund looks even sicker.
Your toxic aura wanes.
Casting: Olgreb's Toxic Radiance (astonishingly dangerous; 30% risk of failure)
Confirm with . or Enter, or press ? or * to list all spells.
You don't know that spell.
Unknown command.
Casting: Olgreb's Toxic Radiance (astonishingly dangerous; 30% risk of failure)
Confirm with . or Enter, or press ? or * to list all spells.
Aiming: Sting (safe; 4% risk of failure)
Press: ? - help, Shift-Dir - straight line, f - Sigmund
Aim: Sigmund, wielding a +0 scythe and wearing a +0 robe (lightly wounded, very poisoned, 68% to hit)
The sting hits Sigmund.
Sigmund looks as sick as possible!
Sigmund is moderately wounded.
Sigmund points at you and mumbles some strange words.
The puff of flame hits you!
Casting: Sting (safe; 4% risk of failure)
Confirm with . or Enter, or press ? or * to list all spells.
Aiming: Sting (safe; 4% risk of failure)
Press: ? - help, Shift-Dir - straight line, f/p - Sigmund
Aim: Sigmund, wielding a +0 scythe and wearing a +0 robe (heavily wounded, extremely poisoned, 68% to hit)
The sting hits Sigmund.
Sigmund looks as sick as possible!
Sigmund is heavily wounded.
Sigmund gestures at you while chanting. The puff of flame hits you!
You die...
Sigmund begins carving another notch in his scythe.

.# #.# #.##.######.##
#.#### .# #)# #.##.# #.#
#.#### .# #.###.##.# #.#
#..... .# #......^.# #+#
###### .# #####.##### ...
.# #.........# .... # .#
#.###.###.# ..... ##
.########......##.#......
####.
................@.'@.....
+(...
.....####......##.#......
####. .###.# #.###.###.#
..... ## .###.# #.# #.#
#.# .... # ..##.#
#.###.###.# ... ## .###.#
#.........# #+# #. .# #.#
#####.##### #.# #. .###.#
#.# #.# #. .....# #.#
####.## #.


You could see Sigmund (extremely poisoned).

Vanquished Creatures
  Natasha (D:2)
  A dart slug (D:1)
  A ribbon worm (D:2)
  7 endoplasms
  A giant cockroach (D:1)
  3 goblins
  3 hobgoblins (D:1)
  8 kobolds (D:1)
  A quokka (D:2)
  5 ball pythons
  4 bats (D:1)
  3 frilled lizards (D:1)
  4 rats
42 creatures vanquished.

Notes
Turn   | Place    | Note
-------+----------+-------------------------------------------
     0 | D:1      | PriceMaster the Octopode Alchemist began the quest for the
                  | Orb.
     0 | D:1      | Reached XP level 1. HP: 11/11 MP: 3/3
   195 | D:1      | Reached XP level 2. HP: 17/17 MP: 3/5
   693 | D:1      | Reached XP level 3. HP: 7/21 MP: 0/6
  1802 | D:2      | Noticed Natasha
  1814 | D:2      | HP: 1/21 [Natasha (9)]
  1815 | D:2      | Killed Natasha
  1816 | D:2      | Reached XP level 4. HP: 25/27 MP: 1/8
  2043 | D:2      | Learned a level 4 spell: Olgreb's Toxic Radiance
  2074 | D:2      | Noticed Sigmund
  2078 | D:2      | Killed from afar by Sigmund

Illustrated notes

Levels and vault maps discovered:
D:1:      moated_graveyard_arrival, layout_basic, lexackson_kobold_supper
D:2:      layout_loops_corners, uniq_natasha, uniq_terence, uniq_sigmund,
          uniq_jessica

Skill      XL: |  1  2  3 |
---------------+----------+-----
Conjurations   | 2 |  2.2
Stealth        | 3 |  3.1
Dodging        | |  2.1
Unarmed Combat | |  0.1
Spellcasting   | |  2.9
Alchemy        | |  3.9

Action                     |  1- 3 |  4- 6 || total
---------------------------+-------+-------++-------
  Melee: Unarmed           |    14 |       ||    14
         Constrict         |     5 |       ||     5
         Tentacles         |     3 |       ||     3
         Spear             |     2 |     2 ||     4
   Cast: Sting             |    74 |     4 ||    78
         Olgreb's Toxic Ra |       |     1 ||     1
    Use: Potion            |     3 |       ||     3
   Stab: Sleeping          |     2 |       ||     2
 Armour: Skin              |    22 |     4 ||    26
  Dodge: Dodged            |    23 |       ||    23
